[Event "January 9 Late 2024"]
[Site "https://www.chess.com"]
[Date "2024.01.09"]
[Round "1"]
[White "Senft, Sean"]
[Black "Van Foreest, Jorden"]
[Result "0-1"]
[Board "25"]
[TimeControl "180+1"]
[WhiteFideId "2044960"]
[BlackFideId "1039784"]
[WhiteElo "2528"]
[BlackElo "3020"]
[WhiteTeam "USA"]
[BlackTeam "NED"]
[WhiteClock "0:00:00"]
[BlackClock "0:01:33"]

1. d4 Nf6 2. c4 e6 3. Nc3 Bb4 4. Nf3 Bxc3+ 5. bxc3 b6 6. Bg5 Bb7 7. e3 h6 8. Bh4 d6 9. Bd3 Nbd7 10. O-O g5 11. Bg3 Ne4 12. Qc2 f5 13. Nd2 Ndf6 14. f3 Nxg3 15. hxg3 O-O 16. e4 Nh5 17. exf5 exf5 18. Bxf5 Nxg3 19. Bh7+ Kh8 20. Rfe1 g4 21. Be4 gxf3 22. Nxf3 Nxe4 23. Rxe4 Bxe4 24. Qxe4 Qf6 25. Qg4 Rg8 26. Qh3 Raf8 27. Re1 Rg6 28. Re3 Qf4 29. Re6 Rxe6 30. Qxe6 Kg7 31. Qe7+ Rf7 32. Qd8 Qf6 33. Qe8 Re7 34. Qc8 Qf4 0-1

[Event "January 9 Late 2024"]
[Site "https://www.chess.com"]
[Date "2024.01.09"]
[Round "1"]
[White "Svane, Rasmus"]
[Black "Khater, Sherif"]
[Result "1-0"]
[Board "26"]
[TimeControl "180+1"]
[WhiteFideId "4657101"]
[BlackFideId "2034280"]
[WhiteElo "3011"]
[BlackElo "2527"]
[WhiteTeam "GER"]
[BlackTeam "USA"]
[WhiteClock "0:00:19"]
[BlackClock "0:00:09"]

1. Nf3 a6 2. g3 b5 3. Bg2 Bb7 4. O-O e6 5. d3 Nf6 6. e4 d5 7. exd5 Nxd5 8. c4 Nb6 9. Qe2 N8d7 10. b3 Be7 11. Bb2 Bf6 12. Nc3 b4 13. Nd1 Bxb2 14. Nxb2 O-O 15. d4 c5 16. Rfd1 Qc7 17. Qe3 a5 18. Rd2 Rac8 19. Rad1 h6 20. d5 exd5 21. cxd5 Qd6 22. Nh4 Qf6 23. d6 Bxg2 24. Kxg2 Rfe8 25. Qd3 g5 26. Nf5 Ne5 27. Qe4 Ned7 28. Ne7+ Kh8 29. Nc4 Nxc4 30. Qxc4 Rcd8 31. Qd5 Kg7 32. Re2 Nf8 33. Rde1 Ne6 34. Rxe6 fxe6 35. Rxe6 Qd4 36. Nf5+ 1-0

[Event "January 9 Late 2024"]
[Site "https://www.chess.com"]
[Date "2024.01.09"]
[Round "1"]
[White "Rodriguez, Santiago"]
[Black "Martinez Alcantara, Jose Eduardo"]
[Result "0-1"]
[Board "27"]
[TimeControl "180+1"]
[WhiteFideId "3000591"]
[BlackFideId "3805662"]
[WhiteElo "2526"]
[BlackElo "3007"]
[WhiteTeam "URU"]
[BlackTeam "PER"]
[WhiteClock "0:00:00"]
[BlackClock "0:00:49"]

1. d4 Nf6 2. Bg5 d5 3. Bxf6 exf6 4. e3 c6 5. Bd3 Bd6 6. Nd2 O-O 7. Qf3 Na6 8. c3 Nc7 9. g4 Re8 10. Ne2 b6 11. h4 Ba6 12. Bxa6 Nxa6 13. g5 Re6 14. O-O-O Nc7 15. Rdg1 Kh8 16. Nf4 Bxf4 17. Qxf4 Ne8 18. Nf3 Nd6 19. Rh3 Qe7 20. h5 Rg8 21. g6 h6 22. Nh4 Qd7 23. gxf7 Qxf7 24. Rhg3 Re4 25. Ng6+ Qxg6 26. Rxg6 Rxf4 27. exf4 Nf5 28. Kd2 Rc8 29. Re1 Kg8 30. f3 Kf7 31. Kd3 Nh4 32. Rg3 Nf5 33. Rg2 a5 34. Rge2 a4 35. a3 Kf8 36. Rg2 Kf7 37. Rge2 Kg8 38. Rg2 Kf8 39. Rge2 Ng3 40. Rh2 b5 41. Rg1 Nf5 42. Re1 Nd6 43. Rg2 Rc7 44. Re6 Rd7 45. Rge2 Kf7 46. R6e3 Nc4 47. Re6 Rc7 48. f5 Nb6 49. Rg2 Nc8 50. Rge2 Nb6 51. Re8 Nc4 52. Rb8 Nd6 53. Rd8 Nxf5 54. Ree8 Ne7 55. Rf8+ Ke6 56. Rde8 Rd7 57. Rg8 Kf7 58. Rgf8+ Ke6 59. Rg8 Rc7 60. Rxg7 Kd6 61. Rgxe7 Rxe7 62. Rxe7 Kxe7 63. Ke3 f5 64. Kf4 Kf6 65. Kg3 Kg5 0-1

[Event "January 9 Late 2024"]
[Site "https://www.chess.com"]
[Date "2024.01.09"]
[Round "1"]
[White "Xiong, Jeffery"]
[Black "Zarnicki, Pablo"]
[Result "1-0"]
[Board "28"]
[TimeControl "180+1"]
[WhiteFideId "2047640"]
[BlackFideId "100137"]
[WhiteElo "3007"]
[BlackElo "2526"]
[WhiteTeam "USA"]
[BlackTeam "ARG"]
[WhiteClock "0:01:17"]
[BlackClock "0:00:13"]

1. e4 e5 2. Nf3 Nf6 3. Nc3 Bb4 4. Nxe5 O-O 5. Nd3 Bxc3 6. dxc3 Nxe4 7. Be2 d5 8. O-O c6 9. Re1 Nd7 10. Be3 Ndf6 11. f3 Nd6 12. b3 Bf5 13. Qd2 Re8 14. Bf1 Bg6 15. a4 Nf5 16. Bf2 h5 17. Nf4 Bh7 18. Rxe8+ Qxe8 19. Re1 Qd7 20. a5 a6 21. c4 dxc4 22. Qxd7 Nxd7 23. Bxc4 Nd6 24. Rd1 Nxc4 25. Rxd7 Ne5 26. Rxb7 Bxc2 27. Bd4 f6 28. Bxe5 fxe5 29. Nxh5 Kh8 30. Nxg7 Bxb3 31. Rxb3 Kxg7 32. Rb6 Rc8 33. Kf2 c5 34. Ke3 c4 35. Kd2 c3+ 36. Kc2 Rc5 37. Rxa6 Kf7 38. Ra8 Rc4 39. a6 Ra4 40. a7 Kg7 41. Kxc3 Kh7 42. h4 Kg7 43. g4 Kh7 44. g5 Kg7 45. h5 Kh7 46. g6+ Kg7 47. h6+ 1-0

[Event "January 9 Late 2024"]
[Site "https://www.chess.com"]
[Date "2024.01.09"]
[Round "1"]
[White "Hnydiuk, Aleksander"]
[Black "Deac, Bogdan-Daniel"]
[Result "0-1"]
[Board "29"]
[TimeControl "180+1"]
[WhiteFideId "1109057"]
[BlackFideId "1226380"]
[WhiteElo "2525"]
[BlackElo "3006"]
[WhiteTeam "POL"]
[BlackTeam "ROU"]
[WhiteClock "0:02:10"]
[BlackClock "0:02:18"]

1. Nf3 d5 2. d4 Nf6 3. c4 e6 4. g3 dxc4 5. Bg2 a6 6. O-O Nc6 7. Qc2 b5 8. Ne5 Nxe5 9. Bxa8 Qxd4 10. Be3 Qd8 11. Rd1 Bd6 12. Nc3 O-O 13. Bg2 Bd7 14. a4 Qe7 15. axb5 axb5 16. Ra7 Neg4 0-1

[Event "January 9 Late 2024"]
[Site "https://www.chess.com"]
[Date "2024.01.09"]
[Round "1"]
[White "Hakobyan, Aram"]
[Black "Mosquera, Miguel"]
[Result "1-0"]
[Board "30"]
[TimeControl "180+1"]
[WhiteFideId "13306677"]
[BlackFideId "4401131"]
[WhiteElo "3001"]
[BlackElo "2524"]
[WhiteTeam "ARM"]
[BlackTeam "COL"]
[WhiteClock "0:01:11"]
[BlackClock "0:00:00"]

1. e4 c5 2. Nf3 d6 3. Bb5+ Bd7 4. Bxd7+ Nxd7 5. O-O Ngf6 6. Re1 e6 7. c3 Be7 8. d4 O-O 9. Nbd2 Rc8 10. e5 dxe5 11. dxe5 Nd5 12. Ne4 N7b6 13. Qc2 h6 14. Bd2 Qc7 15. Rad1 Nc4 16. Bc1 b5 17. b3 Ncb6 18. c4 Nb4 19. Qe2 bxc4 20. bxc4 Rfd8 21. Nd6 Bxd6 22. exd6 Rxd6 23. Bf4 Rxd1 24. Bxc7 Rxe1+ 25. Qxe1 Rxc7 26. Qe5 Rd7 27. h4 Nd3 28. Qe4 Nc1 29. Ne5 Rd4 30. Qb7 Kh7 31. Qxf7 Nxc4 32. Qg6+ Kg8 33. Qxe6+ Kh8 34. Nxc4 Nxa2 35. g3 Nc3 36. Ne5 Rd1+ 37. Kg2 Kh7 38. Qg6+ Kg8 39. Qf7+ Kh7 40. Nd7 1-0

[Event "January 9 Late 2024"]
[Site "https://www.chess.com"]
[Date "2024.01.09"]
[Round "1"]
[White "Salman, Ilhan Serhat"]
[Black "Antipov, Mikhail Al."]
[Result "0-1"]
[Board "31"]
[TimeControl "180+1"]
[WhiteFideId "6361579"]
[BlackFideId "4107012"]
[WhiteElo "2523"]
[BlackElo "2992"]
[WhiteTeam "TUR"]
[BlackTeam "FID"]
[WhiteClock "0:00:05"]
[BlackClock "0:01:01"]

1. d4 Nf6 2. Bg5 c6 3. Bxf6 exf6 4. Nf3 d5 5. e3 Qb6 6. Qc1 Bf5 7. c4 Bxb1 8. Rxb1 Bb4+ 9. Nd2 dxc4 10. Bxc4 O-O 11. O-O Nd7 12. a3 Be7 13. b4 Rac8 14. Nb3 f5 15. Rd1 Nf6 16. Bd3 g6 17. Nc5 a6 18. Qc2 Rfd8 19. h3 Kg7 20. Qb3 h5 21. Bc4 Rf8 22. Re1 Rcd8 23. Rbd1 h4 24. Re2 Bd6 25. Ree1 Bb8 26. e4 fxe4 27. Nxe4 Qc7 28. Nxf6 Qh2+ 29. Kf1 Kxf6 30. Qf3+ Kg7 31. Re7 Bf4 32. Re4 Bg5 33. Ke2 Qd6 34. Kd3 f5 35. Re6 Qxd4+ 36. Kc2 Qxc4+ 37. Qc3+ Qxc3+ 38. Kxc3 Rxd1 0-1

[Event "January 9 Late 2024"]
[Site "https://www.chess.com"]
[Date "2024.01.09"]
[Round "1"]
[White "Shankland, Sam"]
[Black "Rangel, Daniel"]
[Result "1-0"]
[Board "32"]
[TimeControl "180+1"]
[WhiteFideId "2004887"]
[BlackFideId "2124475"]
[WhiteElo "2987"]
[BlackElo "2522"]
[WhiteTeam "USA"]
[BlackTeam "BRA"]
[WhiteClock "0:00:17"]
[BlackClock "0:00:00"]

1. e4 c5 2. Nf3 g6 3. d4 cxd4 4. Nxd4 Bg7 5. c4 Nc6 6. Be3 Nf6 7. Nc3 O-O 8. Be2 Nxd4 9. Bxd4 d6 10. O-O Bd7 11. Qd3 Bc6 12. b4 b6 13. Rad1 a5 14. b5 Bb7 15. f4 Nd7 16. Bxg7 Kxg7 17. e5 Nc5 18. Qd4 Ne6 19. Qe3 Qc7 20. exd6 exd6 21. f5 gxf5 22. Rxf5 Kh8 23. Nd5 Bxd5 24. Rdxd5 Rg8 25. Qc3+ Rg7 26. Rh5 Kg8 27. Rh4 Qe7 28. Rdh5 Re8 29. Bd3 Ng5 30. Bf1 Qe3+ 31. Qxe3 Rxe3 32. Rg4 Ne6 33. Rxg7+ Kxg7 34. Rd5 Ra3 35. Rxd6 Rxa2 36. Rxb6 Ng5 37. Ra6 Ra1 38. Kf2 Ne4+ 39. Ke3 Nc5 40. Rc6 Ne6 41. Bd3 Ra3 42. b6 Rb3 43. Kd2 a4 44. Bf5 Nd4 45. Rc7 Nxf5 46. c5 Nd4 47. Ra7 1-0

[Event "January 9 Late 2024"]
[Site "https://www.chess.com"]
[Date "2024.01.09"]
[Round "1"]
[White "Davidson, Kevin"]
[Black "Dominguez Perez, Leinier"]
[Result "0-1"]
[Board "33"]
[TimeControl "180+1"]
[WhiteFideId "2056810"]
[BlackFideId "3503240"]
[WhiteElo "2521"]
[BlackElo "2981"]
[WhiteTeam "USA"]
[BlackTeam "USA"]
[WhiteClock "0:00:00"]
[BlackClock "0:01:06"]

1. e4 c5 2. Nf3 d6 3. d4 cxd4 4. Nxd4 Nf6 5. Nc3 a6 6. h3 e6 7. g4 h6 8. Bg2 Be7 9. Be3 Nc6 10. Qe2 Nxd4 11. Bxd4 e5 12. Be3 b5 13. a4 b4 14. Nd5 Nxd5 15. exd5 a5 16. c4 bxc3 17. bxc3 Ba6 18. c4 Rc8 19. Rc1 Bg5 20. O-O O-O 21. f4 exf4 22. Bxf4 Qb6+ 23. Kh1 Rfe8 24. Qd2 Bxf4 25. Qxf4 Re7 26. Rf3 Qb4 27. Rcf1 Rxc4 28. Qg3 Rc2 29. Qh4 Bxf1 30. Qxe7 Bxg2+ 0-1

[Event "January 9 Late 2024"]
[Site "https://www.chess.com"]
[Date "2024.01.09"]
[Round "1"]
[White "Yoo, Christopher Woojin"]
[Black "Suder, Jakub"]
[Result "1-0"]
[Board "34"]
[TimeControl "180+1"]
[WhiteFideId "30909694"]
[BlackFideId "1195310"]
[WhiteElo "2978"]
[BlackElo "2521"]
[WhiteTeam "USA"]
[BlackTeam "POL"]
[WhiteClock "0:00:04"]
[BlackClock "0:00:18"]

1. d4 d5 2. Nf3 f6 3. c4 c6 4. Qc2 e6 5. e4 Ne7 6. Nc3 dxe4 7. Qxe4 Nf5 8. Bd3 Na6 9. O-O Be7 10. Re1 Kf7 11. a3 Nc7 12. Bf4 g5 13. Bxc7 Qxc7 14. c5 Bd7 15. Bc4 Ng7 16. h4 h6 17. Bd3 Kf8 18. Re2 Rd8 19. Bc4 b6 20. b4 Bc8 21. Rae1 a5 22. cxb6 Qxb6 23. Na4 Qc7 24. Nc5 Bxc5 25. bxc5 Kf7 26. Rb2 Rhe8 27. Reb1 Rd5 28. Qh7 g4 29. Bxd5 exd5 30. Nh2 Qf4 31. g3 Qe4 32. Rb7+ Re7 33. Rxe7+ Qxe7 34. Qxh6 Bf5 35. Rf1 Qe6 36. Qf4 Qe7 37. Qe3 Qe6 38. Qxe6+ Nxe6 39. Rd1 Nxd4 40. Rxd4 Be4 41. Nxg4 1-0

[Event "January 9 Late 2024"]
[Site "https://www.chess.com"]
[Date "2024.01.09"]
[Round "1"]
[White "Dubnevych, Maksym"]
[Black "Chigaev, Maksim"]
[Result "0-1"]
[Board "35"]
[TimeControl "180+1"]
[WhiteFideId "14184001"]
[BlackFideId "4108116"]
[WhiteElo "2521"]
[BlackElo "2977"]
[WhiteTeam "UKR"]
[BlackTeam "ESP"]
[WhiteClock "0:00:56"]
[BlackClock "0:01:00"]

1. e4 e5 2. Nf3 Nc6 3. d4 exd4 4. Nxd4 Nf6 5. Nxc6 bxc6 6. e5 Qe7 7. Qe2 Nd5 8. h4 g6 9. c4 Qb4+ 10. Qd2 Qxd2+ 11. Bxd2 Nb4 12. Kd1 c5 13. Nc3 Bg7 14. f4 O-O 15. Be2 d6 16. Nb5 dxe5 17. Nxc7 Rb8 18. Bxb4 Rxb4 19. b3 exf4 20. Rc1 Rd8+ 21. Ke1 Rb6 22. Nd5 Ra6 23. Rc2 Bf5 24. Rd2 Kf8 25. Bd3 Bxd3 26. Rxd3 Rxa2 27. Rf1 Re8+ 28. Kd1 Ra1+ 0-1

[Event "January 9 Late 2024"]
[Site "https://www.chess.com"]
[Date "2024.01.09"]
[Round "1"]
[White "Fressinet, Laurent"]
[Black "Tikhonov, Viacheslav"]
[Result "1-0"]
[Board "36"]
[TimeControl "180+1"]
[WhiteFideId "608742"]
[BlackFideId "44196407"]
[WhiteElo "2977"]
[BlackElo "2521"]
[WhiteTeam "FRA"]
[BlackTeam "RUS"]
[WhiteClock "0:01:36"]
[BlackClock "0:00:06"]

1. d4 Nf6 2. Nf3 g6 3. Bg5 Bg7 4. Nbd2 c5 5. c3 cxd4 6. cxd4 d5 7. e3 O-O 8. Be2 Nc6 9. O-O Bf5 10. Rc1 h6 11. Bh4 Ne4 12. Nxe4 Bxe4 13. Nd2 Bf5 14. Nb3 g5 15. Bg3 Rc8 16. Qd2 Qb6 17. Rc5 Rfd8 18. Rfc1 a6 19. Bd3 Bxd3 20. Qxd3 e6 21. a3 Bf8 22. R5c3 Bd6 23. Bxd6 Rxd6 24. h4 Kg7 25. Nc5 Qc7 26. b4 Qe7 27. h5 Rdd8 28. b5 axb5 29. Qxb5 Rc7 30. a4 Na7 31. Qb6 Nc8 32. Nxe6+ Qxe6 33. Qxc7 Re8 34. Qe5+ Qxe5 35. dxe5 Ne7 36. Rc7 Nc6 37. Rxb7 Nxe5 38. a5 Nc4 39. a6 Re6 40. Ra1 Re8 41. a7 Ra8 42. Rb8 Rxa7 43. Rxa7 Nd6 44. Rd8 Nf5 45. Rxd5 Ne7 46. Rxe7 Kf6 47. Rdd7 Kg7 48. Rxf7+ Kg8 49. Ra7 Kh8 50. Rfb7 1-0

[Event "January 9 Late 2024"]
[Site "https://www.chess.com"]
[Date "2024.01.09"]
[Round "1"]
[White "Tissir, Mohamed"]
[Black "Salem, A.R. Saleh"]
[Result "0-1"]
[Board "37"]
[TimeControl "180+1"]
[WhiteFideId "9000240"]
[BlackFideId "9301348"]
[WhiteElo "2518"]
[BlackElo "2972"]
[WhiteTeam "MAR"]
[BlackTeam "UAE"]
[WhiteClock "0:00:07"]
[BlackClock "0:01:09"]

1. e4 c5 2. Nc3 Nc6 3. Bb5 Nd4 4. Bc4 e6 5. Nge2 Nc6 6. O-O d6 7. d4 cxd4 8. Nxd4 Nf6 9. Bb3 Be7 10. Be3 O-O 11. f4 Na5 12. Qf3 a6 13. Rad1 Qc7 14. g4 Nc4 15. Bxc4 Qxc4 16. g5 Nd7 17. f5 Ne5 18. Qg2 Bd8 19. Nce2 Bb6 20. b3 Qc7 21. c3 Bd7 22. Rf4 exf5 23. exf5 Rfe8 24. Qg3 Bc6 25. Rf2 Be4 26. Nf4 Qxc3 27. Nh5 Nf3+ 28. Rxf3 Bxf3 29. Nf6+ Kh8 0-1

[Event "January 9 Late 2024"]
[Site "https://www.chess.com"]
[Date "2024.01.09"]
[Round "1"]
[White "Anton Guijarro, David"]
[Black "Delorme, Axel"]
[Result "1-0"]
[Board "38"]
[TimeControl "180+1"]
[WhiteFideId "2285525"]
[BlackFideId "632023"]
[WhiteElo "2971"]
[BlackElo "2518"]
[WhiteTeam "ESP"]
[BlackTeam "FRA"]
[WhiteClock "0:00:50"]
[BlackClock "0:00:00"]

1. Nf3 d5 2. c4 e6 3. e3 Nf6 4. Nc3 c5 5. cxd5 exd5 6. d4 Nc6 7. Bb5 cxd4 8. exd4 Bd6 9. O-O O-O 10. Bg5 Bg4 11. Be2 Re8 12. h3 Be6 13. Bd3 h6 14. Bh4 Rc8 15. Re1 g5 16. Bg3 Bxg3 17. fxg3 Qb6 18. Na4 Qc7 19. g4 Qf4 20. Qc1 Qg3 21. Qd2 Ne4 22. Bxe4 dxe4 23. Rxe4 Bd5 24. Rxe8+ Rxe8 25. Qf2 Qxf2+ 26. Kxf2 Bxf3 27. gxf3 Nxd4 28. Nc3 Ne6 29. h4 Nf4 30. hxg5 hxg5 31. Rd1 Re7 32. Ne4 Kg7 33. Nxg5 Re2+ 34. Kg3 Ne6 35. Nxe6+ fxe6 36. Rd7+ Kf6 37. Rxb7 a5 38. f4 Re3+ 39. Kf2 Rd3 40. Rb6 Ke7 41. Ra6 Rd2+ 42. Ke3 Rxb2 43. Rxa5 Rg2 44. g5 Rh2 45. Ra7+ Kd6 46. a4 Ra2 47. Kf3 e5 48. Ra6+ 1-0

[Event "January 9 Late 2024"]
[Site "https://www.chess.com"]
[Date "2024.01.09"]
[Round "1"]
[White "Espinoza Palomino, Willyam"]
[Black "Svane, Frederik"]
[Result "0-1"]
[Board "39"]
[TimeControl "180+1"]
[WhiteFideId "3804852"]
[BlackFideId "12923044"]
[WhiteElo "2517"]
[BlackElo "2965"]
[WhiteTeam "PER"]
[BlackTeam "GER"]
[WhiteClock "0:00:02"]
[BlackClock "0:00:10"]

1. e4 e5 2. Nf3 Nc6 3. Bb5 a6 4. Ba4 d6 5. c3 Bd7 6. O-O Nf6 7. Re1 g6 8. d4 Bg7 9. h3 O-O 10. Nbd2 exd4 11. cxd4 Nb4 12. Bxd7 Qxd7 13. Nf1 Rae8 14. a3 Nc6 15. Ng3 d5 16. e5 Ne4 17. Bf4 f5 18. exf6 Bxf6 19. Bh6 Rf7 20. Qd3 Nxg3 21. fxg3 Rfe7 22. Rxe7 Rxe7 23. Rd1 Re4 24. Be3 Qe6 25. Bf2 Kg7 26. Qb3 Na5 27. Qc3 Nc6 28. Qb3 Nd8 29. Qc3 c6 30. Qb3 Qe7 31. Qb6 Nf7 32. Qb3 Re2 33. Qc3 Qe4 34. Re1 Rxe1+ 35. Qxe1 Qxe1+ 36. Nxe1 Nd6 37. Nf3 h5 38. Nd2 Kf7 39. Kf1 Ke6 40. Ke2 Bg5 41. Nf3 Bc1 42. b3 Bxa3 43. Kd3 Nf7 44. Be3 Bd6 45. Nh4 Kf6 46. Bf2 a5 47. Nf3 Nh6 48. Ne1 Nf5 49. g4 hxg4 50. hxg4 Nh6 51. Bh4+ g5 52. Bf2 Nxg4 53. Bg1 Kf5 54. Nf3 Nf6 55. Bf2 Ne4 56. Be1 b6 57. Ng1 g4 58. Ne2 Bb4 59. Bg3 Nxg3 60. Nxg3+ Kg5 61. Ne2 Bd6 62. Nc3 b5 63. Ne2 Kf5 64. Nc3 Bb4 65. Nd1 Kf4 66. Ne3 Be7 67. Ke2 Bf6 68. Kd3 Kg3 69. Ke2 a4 70. bxa4 bxa4 71. Kd3 a3 72. Nc2 a2 73. Kc3 Kxg2 74. Kb2 Kf2 0-1

[Event "January 9 Late 2024"]
[Site "https://www.chess.com"]
[Date "2024.01.09"]
[Round "1"]
[White "Kollars, Dmitrij"]
[Black "Stojanovski, Sandi"]
[Result "1-0"]
[Board "40"]
[TimeControl "180+1"]
[WhiteFideId "12909572"]
[BlackFideId "1403249"]
[WhiteElo "2963"]
[BlackElo "2515"]
[WhiteTeam "GER"]
[BlackTeam "DEN"]
[WhiteClock "0:00:10"]
[BlackClock "0:00:05"]

1. Nf3 c5 2. e4 Nc6 3. Bb5 g6 4. Bxc6 dxc6 5. d3 Nf6 6. h3 Bg7 7. Be3 b6 8. Nc3 O-O 9. Qd2 Re8 10. Bh6 e5 11. O-O Nh5 12. Bxg7 Kxg7 13. Ne2 Qf6 14. Nh2 Nf4 15. Nxf4 Qxf4 16. Qxf4 exf4 17. Nf3 f6 18. a4 a5 19. Nd2 Be6 20. b3 Rad8 21. Nc4 Bxc4 22. bxc4 Rb8 23. Rab1 Re7 24. Rb3 Reb7 25. Rfb1 Kf7 26. Kf1 Ke6 27. Ke2 Ke5 28. Kf3 h5 29. h4 g5 30. hxg5 fxg5 31. Rh1 Rh8 32. Ke2 g4 33. Rh4 Kf6 34. g3 Kg5 35. Rb1 Rf8 36. Rbh1 Rh7 37. R4h2 fxg3 38. fxg3 Rf3 39. Rg2 Rhf7 40. Rb1 Rb7 41. Kd2 h4 42. gxh4+ Kxh4 43. Ke2 Kg5 44. Rbg1 Rf4 45. Rh1 Rbf7 46. Rh8 Rg7 47. Ke3 Rf3+ 48. Ke2 Rf4 49. Rgh2 g3 50. R8h5+ Kg6 51. Rh6+ Kg5 52. R2h5+ Kg4 53. Rh4+ Kg5 54. R6h5+ Kg6 55. Rxf4 Kxh5 56. Kf1 g2+ 57. Kg1 b5 58. axb5 cxb5 59. cxb5 a4 60. e5 a3 61. Ra4 a2 62. Rxa2 Kg4 63. Kxg2 Kf4+ 64. Kf2 Kxe5 65. Rb2 Kd4 66. b6 Kc3 67. b7 Rg8 68. b8=Q 1-0

[Event "January 9 Late 2024"]
[Site "https://www.chess.com"]
[Date "2024.01.09"]
[Round "1"]
[White "Sjugirov, Sanan"]
[Black "Play, Gilles"]
[Result "1-0"]
[Board "42"]
[TimeControl "180+1"]
[WhiteFideId "4189302"]
[BlackFideId "45130892"]
[WhiteElo "2955"]
[BlackElo "2511"]
[WhiteTeam "HUN"]
[BlackTeam "FRA"]
[WhiteClock "0:02:16"]
[BlackClock "0:01:18"]

1. e4 e5 2. Nf3 Nf6 3. Nxe5 Nc6 4. Nxc6 dxc6 5. d3 Bc5 6. Be2 h5 7. h3 Qd4 8. Rf1 Be6 9. Nc3 O-O-O 10. Be3 Qb4 11. Bxc5 Qxc5 12. Qd2 Rd7 13. O-O-O b5 14. Qe3 Qd4 15. Qxd4 Rxd4 16. f4 a5 17. Bf3 a4 18. a3 b4 19. Ne2 1-0

[Event "January 9 Late 2024"]
[Site "https://www.chess.com"]
[Date "2024.01.09"]
[Round "1"]
[White "Mullodzhanov, Nathaniel"]
[Black "Nguyen, Ngoc Truong Son"]
[Result "0-1"]
[Board "43"]
[TimeControl "180+1"]
[WhiteFideId "30961580"]
[BlackFideId "12401110"]
[WhiteElo "2510"]
[BlackElo "2944"]
[WhiteTeam "USA"]
[BlackTeam "VIE"]
[WhiteClock "0:02:07"]
[BlackClock "0:01:27"]

1. e4 c5 2. c3 Nc6 3. d4 cxd4 4. cxd4 Nf6 5. Nc3 d6 6. Nf3 g6 7. Bc4 Bg7 8. O-O O-O 9. Qe2 Bg4 10. Be3 e5 11. dxe5 Nxe5 12. Rad1 Nh5 13. Nd5 Kh8 14. h3 Nxf3+ 15. gxf3 Bxh3 16. Rfe1 Rc8 17. Bd4 Qg5+ 18. Kh2 Qg2# 0-1

[Event "January 9 Late 2024"]
[Site "https://www.chess.com"]
[Date "2024.01.09"]
[Round "1"]
[White "Sargsyan, Shant"]
[Black "Eke, Salih"]
[Result "1-0"]
[Board "44"]
[TimeControl "180+1"]
[WhiteFideId "13306766"]
[BlackFideId "6397573"]
[WhiteElo "2940"]
[BlackElo "2510"]
[WhiteTeam "ARM"]
[BlackTeam "TUR"]
[WhiteClock "0:00:19"]
[BlackClock "0:00:00"]

1. g3 d5 2. Nf3 Nf6 3. Bg2 g6 4. O-O Bg7 5. b3 O-O 6. c4 c5 7. Bb2 d4 8. Ne5 Nbd7 9. Nd3 e5 10. e4 b6 11. Re1 Bb7 12. b4 Ne8 13. bxc5 Nxc5 14. Nxc5 bxc5 15. d3 Nd6 16. Nd2 f5 17. Ba3 Qc7 18. Rb1 Qa5 19. Qc1 fxe4 20. Nxe4 Bxe4 21. Bxe4 Nxe4 22. Rxe4 Rab8 23. Rxb8 Rxb8 24. Re2 Qc3 25. Qxc3 dxc3 26. Bxc5 Rb2 27. Kf1 c2 28. Be3 Rb1+ 29. Re1 e4 30. dxe4 Bc3 31. Rc1 Bb2 32. Re1 Kf7 33. Ke2 Ke6 34. f4 Kd6 35. g4 c1=Q 36. Bxc1 Rxc1 37. Rxc1 Bxc1 38. Kf3 Kc5 39. e5 Kd4 40. c5 Kxc5 41. Ke4 Kc6 42. f5 gxf5+ 43. gxf5 Kd7 44. Kd5 Ke7 45. a4 Bf4 46. h3 h5 47. Ke4 Bg3 48. Kd5 a5 49. Ke4 Be1 50. Kd5 Bc3 51. Ke4 Bb2 52. Kf4 Kf7 53. Ke4 Bc3 54. Kd5 Be1 55. Kd6 Ke8 56. Ke6 Bc3 57. f6 Kf8 58. Kf5 Bb4 59. e6 h4 60. Kg5 Be1 61. Kg6 Ke8 62. f7+ Kf8 63. e7+ Kxe7 64. Kg7 Bc3+ 65. Kg8 1-0

[Event "January 9 Late 2024"]
[Site "https://www.chess.com"]
[Date "2024.01.09"]
[Round "1"]
[White "Jaiveer Mahendru"]
[Black "Smirnov, Anton"]
[Result "0-1"]
[Board "45"]
[TimeControl "180+1"]
[WhiteFideId "25611151"]
[BlackFideId "3208923"]
[WhiteElo "2509"]
[BlackElo "2938"]
[WhiteTeam "IND"]
[BlackTeam "AUS"]
[WhiteClock "0:01:51"]
[BlackClock "0:02:30"]

1. e4 c5 2. Nf3 d6 3. d4 cxd4 4. Nxd4 Nf6 5. Nc3 a6 6. Be3 e5 7. Nb3 Be6 8. f3 Nbd7 9. Qd2 h5 10. O-O-O Be7 11. h4 Rc8 12. Nd5 Bxd5 13. exd5 Nb6 14. Qa5 Nc4 15. Bxc4 Rxc4 16. Qxd8+ Bxd8 17. Nd2 Ra4 18. b3 Rxa2 19. Kb1 Nxd5 20. Nc4 Nc3+ 0-1

[Event "January 9 Late 2024"]
[Site "https://www.chess.com"]
[Date "2024.01.09"]
[Round "1"]
[White "Aravindh, Chithambaram VR."]
[Black "Martins, Bruno Andre Leite"]
[Result "1-0"]
[Board "46"]
[TimeControl "180+1"]
[WhiteFideId "5072786"]
[BlackFideId "1942255"]
[WhiteElo "2937"]
[BlackElo "2509"]
[WhiteTeam "IND"]
[BlackTeam "POR"]
[WhiteClock "0:00:22"]
[BlackClock "0:00:02"]

1. b3 Nf6 2. Bb2 g6 3. Nf3 Bg7 4. g3 O-O 5. Bg2 d6 6. d4 e5 7. dxe5 Ng4 8. c4 Nxe5 9. Nc3 Re8 10. O-O Nxf3+ 11. Bxf3 Nc6 12. Qd2 Nd4 13. Bg2 Bg4 14. Rfe1 Qc8 15. Kh1 Bd7 16. Nd5 c5 17. e3 Nf5 18. Bxg7 Kxg7 19. Qc3+ Kh6 20. g4 Ne7 21. g5+ Kh5 22. Qg7 Nxd5 23. Qh6+ Kg4 24. f3+ Kf5 25. e4+ Ke5 26. exd5+ Kd4 27. Qg7+ Kd3 28. Rad1+ Kc2 29. Rc1+ Kd2 30. Qc3# 1-0

[Event "January 9 Late 2024"]
[Site "https://www.chess.com"]
[Date "2024.01.09"]
[Round "1"]
[White "Santos Flores, Alberto"]
[Black "Daneshvar, Bardiya"]
[Result "0-1"]
[Board "47"]
[TimeControl "180+1"]
[WhiteFideId "3601234"]
[BlackFideId "12576468"]
[WhiteElo "2509"]
[BlackElo "2937"]
[WhiteTeam "ECU"]
[BlackTeam "IRI"]
[WhiteClock "0:00:00"]
[BlackClock "0:00:19"]

1. e4 c6 2. c4 Na6 3. Nc3 Nc7 4. d4 d5 5. cxd5 cxd5 6. e5 Bf5 7. Nf3 e6 8. Bd3 Bxd3 9. Qxd3 Ne7 10. O-O Nc6 11. Bg5 Be7 12. Bxe7 Qxe7 13. Rac1 O-O 14. h4 f6 15. Rfe1 fxe5 16. dxe5 h6 17. Qg6 Qf7 18. Qxf7+ Rxf7 19. Ne2 Nb5 20. a4 Nc7 21. Ned4 Nb4 22. Rc3 Re7 23. Rec1 Ne8 24. Rc8 Rxc8 25. Rxc8 Kf7 26. Nb5 Nc6 27. Nbd4 Nxd4 28. Nxd4 a6 29. h5 Rc7 30. Rxc7+ Nxc7 31. f4 Na8 32. Kf2 Nb6 33. b3 Nd7 34. g4 Nc5 35. Ke3 a5 36. f5 Ke7 37. Kf3 Nd3 38. Nxe6 Nxe5+ 39. Kf4 Kf6 40. Nxg7 Nd3+ 41. Ke3 Nc5 42. Ne8+ Ke5 43. f6 d4+ 44. Kd2 Ne4+ 45. Kd3 Nxf6 46. Nxf6 Kxf6 47. Kxd4 Kg5 48. Kc5 Kxg4 49. Kb6 Kxh5 50. Kxa5 Kg6 51. Kb6 h5 52. a5 h4 53. Kxb7 h3 54. a6 h2 55. a7 h1=Q+ 56. Kb8 Qh2+ 57. Kb7 Qg2+ 58. Kb8 Qg3+ 59. Kb7 Qf3+ 60. Kb8 Qf4+ 61. Kb7 Qe4+ 62. Kb8 Qe5+ 63. Kb7 Qb5+ 64. Kc7 Qa6 65. Kb8 Qb6+ 66. Ka8 Kf7 67. b4 Ke6 68. b5 Qc5 69. Kb7 Qxb5+ 70. Kc7 Qc5+ 71. Kb7 Kd7 72. a8=Q Qb5+ 73. Ka7 Kc7 0-1